 Dungeon Crawl Stone Soup version 0.25.0-37-gb73750e0fb (webtiles) character file.

Game seed: 4011919904699740644

361 Peloso the Skirmisher (level 6, 49/49 HPs)
             Began as a Demonspawn Fighter on July 9, 2020.
             Got out of the dungeon alive.
             The game lasted 00:06:41 (3354 turns).

Peloso the Skirmisher (Demonspawn Fighter)          Turns: 3354, Time: 00:06:42

Health: 49/49      AC: 12    Str: 16 (18) XL:     6   Next: 38%
Magic:  6/6        EV:  1    Int:  9      God:
Gold:   263        SH:  9    Dex: 13      Spells: 5/5 levels left

rFire    . . .     SeeInvis .   a - +0 long sword
rCold    . . .     Gourm    .   c - +0 kite shield
rNeg     . . .     Faith    +   h - +0 chain mail
rPois    .         Spirit   .   (helmet restricted)
rElec    .         Reflect  .   (no cloak)
rCorr    .         Harm     .   (no gloves)
MR       .....                  (no boots)
Stlth    ..........             l - amulet of faith
HPRegen  0.16/turn              m - -4 ring of evasion (curse)
MPRegen  0.10/turn              (no ring)

@: no status effects
A: antennae 1, slimy green scales 2, spiny 1
a: no special abilities


You escaped.
You were not hungry.

You visited 1 branch of the dungeon, and saw 5 of its levels.

You collected 263 gold pieces.

Inventory:

Hand Weapons
 a - a +0 long sword (weapon)
Missiles
 i - 43 bolts
Armour
 b - a +0 scale mail
 c - a +0 kite shield (worn)
 h - a +0 chain mail (worn)
Jewellery
 l - an amulet of faith (around neck)
 m - a cursed -4 ring of evasion (left hand)
 s - a +4 ring of evasion
Wands
 p - a wand of iceblast (2)
 r - a wand of flame (10)
Scrolls
 e - 4 scrolls of identify
 j - 2 scrolls of enchant weapon {unknown}
 k - a scroll of blinking {unknown}
 n - a scroll of remove curse
 o - 2 scrolls of amnesia {unknown}
Potions
 d - 2 potions of might
 g - 2 potions of heal wounds {unknown}
 q - a potion of haste {unknown}
 t - a potion of flight {unknown}
Comestibles
 f - 5 rations
 u - 3 chunks of flesh


   Skills:
 + Level 4.5 Fighting
 + Level 3.7 Long Blades
 + Level 3.6 Armour
 + Level 1.5 Dodging
 + Level 0.2 Stealth
 + Level 3.4 Shields


You had 5 spell levels left.
You didn't know any spells.
Your spell library contained the following spells:

 Spells                   Type           Power        Failure   Level  Hunger
 Magic Dart               Conj           #...         100%        1    ##.....
 Blink                    Tloc           N/A          100%        2    ###....
 Call Imp                 Summ           #.......     100%        2    ###....
 Slow                     Hex            #.......     100%        2    ###....
 Conjure Flame            Conj/Fire      #.......     100%        3    ####...
 Mephitic Cloud           Conj/Pois/Air  #.......     100%        3    ####...


Dungeon Overview and Level Annotations

Branches:
Dungeon (5/15)
 Temple: D:4-7

Altars:
Kikubaaqudgha
Sif Muna

Annotations:
D:2 Oggetti bloccati parete


Innate Abilities, Weirdness & Mutations

You have a pair of small antennae on your head.
You are mostly covered in slimy green scales. (AC +3)
You are partially covered in sharp spines.


Message History

a +0 ring mail; a +0 hand axe
There is a stone staircase leading up here.
There is a stone staircase leading up here.
You climb upwards.
There is a stone staircase leading down here.
You see here a stone.
There is a stone staircase leading up here.
You see here a stone.
You climb upwards.
Level annotation: Oggetti bloccati parete
There is a stone staircase leading down here.
There is a stone staircase leading up here.
You climb upwards.
There is a stone staircase leading down here.
There is an open door here.
There is an open gate here.
You see here a whip.
There is a staircase leading out of the dungeon here.
Are you sure you want to leave the Dungeon?
This will make you lose the game!
You have escaped!

#≈≈≈≈......♣P.P♣♣.##...##
#≈≈≈....♣)♣#########'''##
#≈≈≈......P#.........[...
#≈≈≈≈......#.#....#######
#≈≈≈≈.....P#.#....#
#≈≈≈.......#.#########
#≈≈≈.....♣♣#.........#
#≈≈≈♣...♣♣ #.#....#######
#≈≈≈♣..P@♣ #.#....# #..
#≈≈≈♣♣♣♣♣♣ #.#....#####..
#≈♣♣♣ #.#.......##.. #≈
#.###'######.. #≈ #.# #.#
### #♣ #.###.########
#>..........((
#..........###
#.###.##...#


There were no monsters in sight!

Vanquished Creatures
  3 electric eels (D:4)
  4 orc wizards
  A worker ant (D:4)
  2 adders
  3 oozes
  3 dart slugs
  4 leopard geckos
  10 orcs
  2 ball pythons
  2 giant cockroaches
  7 goblins
  5 hobgoblins
  4 jackals (D:4)
  3 quokkas
  11 bats
  5 frilled lizards
  A jackal skeleton (D:4)
  5 kobolds
  A leopard gecko skeleton (D:5)
  5 rats
  A plant (D:4)
82 creatures vanquished.

Vanquished Creatures (others)
  A human (D:4)
1 creature vanquished.

Grand Total: 83 creatures vanquished

Notes
Turn   | Place    | Note
-------+----------+-------------------------------------------
     0 | D:1      | Peloso the Demonspawn Fighter began the quest for the Orb.
     0 | D:1      | Reached XP level 1. HP: 18/18 MP: 1/1
   202 | D:1      | Gained mutation: You are partially covered in sharp spines.
                  | [demonic ancestry]
   202 | D:1      | Reached XP level 2. HP: 22/24 MP: 2/2
   538 | D:1      | Gained mutation: You are partially covered in slimy green
                  | scales. (AC +2) [demonic ancestry]
   538 | D:1      | Reached XP level 3. HP: 29/29 MP: 3/3
  1055 | D:2      | Reached XP level 4. HP: 35/35 MP: 4/4
  2092 | D:3      | Gained mutation: You are mostly covered in slimy green
                  | scales. (AC +3) [demonic ancestry]
  2092 | D:3      | Reached XP level 5. HP: 41/41 MP: 5/5
  2144 | D:3      | Found a faded altar of an unknown god.
  2321 | D:4      | Found a transporter.
  2335 | D:4      | Found a transporter.
  2780 | D:4      | Found a shimmering blue altar of Sif Muna.
  2790 | D:4      | Reached skill level 1 in Dodging
  2844 | D:4      | Found an ancient bone altar of Kikubaaqudgha.
  2847 | D:4      | Noticed a human
  2848 | D:4      | Killed a human
  3003 | D:4      | Reached skill level 4 in Fighting
  3003 | D:4      | Gained mutation: You have a pair of small antennae on your
                  | head. [demonic ancestry]
  3003 | D:4      | Reached XP level 6. HP: 27/48 MP: 6/6
  3231 | D:5      | Entered Level 5 of the Dungeon
  3354 | D:$      | Got out of the dungeon alive.

Illustrated notes

Levels and vault maps discovered:
D:1:      kennysheep_arrival_seaside, layout_basic
D:2:      layout_basic, first_ration, kennysheep_small_spiral,
          due_unseen_surprise
D:3:      layout_rooms, chequers_ecumenical_altar_simple
D:4:      gammafunk_steamed_eel, layout_loops_ring, led_sif_book,
          tgw_kikubaaqudgha
D:5:      gammafunk_wand_slinger, layout_basic

Skill      XL: |  1  2  3  4  5 |
---------------+----------------+-----
Armour         | 3 |  3.6
Long Blades    | 2 3 |  3.7
Shields        | 3 |  3.4
Dodging        | 1 |  1.5
Fighting       | 4 |  4.5
Stealth        | |  0.2

Action                   |  1- 3 |  4- 6 || total
-------------------------+-------+-------++-------
Melee: Long sword        |    86 |   127 ||   213
Evoke: Wand              |       |     7 ||     7
  Use: Potion            |     1 |     3 ||     4
       Scroll            |       |     1 ||     1
  Eat: Chunk             |     1 |     7 ||     8
Armor: Scale mail        |    59 |       ||    59
       Chain mail        |     1 |    82 ||    83
Dodge: Dodged            |    38 |     9 ||    47
Block: Kite shield       |    38 |    72 ||   110
       Rpst.: Long sword |    12 |     2 ||    14
